AoeStats
← andonijodargutierrez

Runestones

508437485Analyzed
1v1 RM · 9d ago on Sep 22, 2026· 37m 14s· 2 players
Game mode
Random Map
Map size
Tiny (2 player)
Population
200
Speed
Normal
Resources
Standard
Victory
Conquest
Starting age
Dark Age
Ending age
Imperial Age
RankedLock teamsTeams togetherTeam positionsShared explorationLock speedFull tech treeHidden civsTurbo modeCheats
Victory
Defeat
🇲🇹 Byzantines · Malta
573
+13
🇪🇸 Teutons · Spain
506
-13
andonijodargutierrez
0:33 Loom
14:24 Feudal Age
15:00 Man-at-Arms
19:23 Town Watch
21:50 Arson
22:04 Horse Collar
24:20 Scale Mail Armor
25:00 Gold Mining
27:03 Stone Mining
30:01 Double-Bit Axe
rainbowopv
10:08 Feudal Age
11:14 Man-at-Arms
13:19 Wheelbarrow
13:25 Double-Bit Axe
17:27 Forging
21:53 Castle Age
21:55 Horse Collar
26:40 Hand Cart
31:28 Bow Saw
31:20 Heavy Plow
34:34 Scale Barding Armor
36:13 Iron Casting
35:41 Husbandry
36:49 Chain Barding Armor
Connection lost

Rejoining the realm…

Still unreachable

The connection could not be restored.

Session expired

The server has moved on; the page needs a fresh start.